cohdb
Replays
Latest Replays
All Replays
Popular Replays
Top Player Replays
Match Explorer
How It Works
Community
CoH3 Stats
Reddit
Sign in to upload your games and track your stats! →
Sign in with Steam
Match 43950366
Unlisted
Match 43950366
Overview
Messages
Build Orders
End
Kradschützen Motorcycle Team
Kradschützen Motorcycle Team
Selects Armored Support Battlegroup
250 Light Carrier
Construct Light Support Kompanie
Assault Grenadier Squad
MG34 Team
Selects Superior Fire Drills
Fire Support Elements
Vehicle Survival Package
Panzerjäger Mechanized Group
Flakvierling Half-track
Selects Salvage Kits
Veteran Squad Leaders
Construct Mechanized Kompanie
Emergency Repair Kits
StuG III D Assault Gun
StuG III D Assault Gun
Pak 38 Anti-tank Gun Team
254 Reconnaissance Tractor
2.5-tonne Medical Truck
Willaguy
PixiCode
0
0
Comments
sign in to comment!
No comments posted yet!